 Dungeon Crawl Stone Soup version 0.23.0 (webtiles) character file.

Game seed: 13958878344281878884

636792 Mgcat the Executioner (level 27, -1/188 HPs)
             Began as a Barachi Fighter on Feb 13, 2019.
             Was a High Priest of Qazlal.
             Killed from afar by a starcursed mass (7 damage)
             ... with an accursed screaming
             ... on level 1 of the Abyss on Feb 14, 2019.
             The game lasted 03:13:22 (71060 turns).

Mgcat the Executioner (Barachi Fighter)            Turns: 71060, Time: 03:13:22

Health: -1/188     AC: 29    Str: 28    XL:     27
Magic:  36/36      EV: 24    Int: 11    God:    Qazlal [*****.]
Gold:   5366       SH:  0    Dex: 18    Spells: 36/39 levels left

rFire    + . .     SeeInvis +   z - +9 broad axe (distort) {!w}
rCold    + . .     Gourm    .   N - +4 shield {rN+}
rNeg     + . .     Faith    .   x - +4 chain mail "Zic Zoiq" {rC+ MR++ Dex+5}
rPois    +         Spirit   .   d - +2 helmet
rElec    .         Reflect  .   U - +2 cloak {rPois}
rCorr    +         Harm     .   S - +1 pair of gloves "Tedastonn" {+Inv rCorr}
MR       ++++.     Rnd*Rage +   W - +2 pair of boots
Stlth    ..........             (no amulet)
HPRegen  1.41/turn              Q - ring "Japanlela" {Dex+3 Slay+3 SInv}
MPRegen  0.25/turn              k - ring of protection from fire {rF+, !d}

@: confused, very slightly contaminated, regenerating, studying 2 skills,
silenced, lightly drained, repel missiles, slow
A: +LOS, swims, repulsion field 1, [berserk 2], blurry vision 1[+2], [clumsy 1],
deformed body, deterioration 1[+1], frail 1[+1], slowness 1, wild magic 1, no
potion heal 1[+2], strong legs 2
}: 4/15 runes: serpentine, barnacled, slimy, silver
a: Hop, Renounce Religion, Evoke Invisibility


You were on level 1 of the Abyss.
You worshipped Qazlal.
Qazlal was extremely pleased with you.
You were full.

You visited 11 branches of the dungeon, and saw 54 of its levels.
You visited the Abyss 2 times.
You also visited: Sewer, Ice Cave, Volcano and Desolation.

You collected 7525 gold pieces.
You spent 2159 gold pieces at shops.

Inventory:

Hand Weapons
 z - a +9 broad axe of distortion (weapon) {!w}
   (You acquired it on level 9 of the Dungeon)
Missiles
 q - 4 throwing nets {=f, !d}
Armour
 d - a +2 helmet (worn)
   (You took it off Robin on level 2 of the Dungeon)
 x - the +4 chain mail "Zic Zoiq" (worn) {rC+ MR++ Dex+5}
   (You found it in the Desolation of Salt)

   It affects your dexterity (+5).
   It protects you from cold.
   It affects your resistance to hostile enchantments.
 N - a +4 shield of positive energy (worn)
   (You bought it in a shop on level 2 of the Orcish Mines)
 S - the +1 pair of gloves "Tedastonn" (worn) {+Inv rCorr}
   (You bought it in a shop on level 2 of the Orcish Mines)

   It lets you turn invisible.
   It provides partial protection from all sources of acid and corrosion.
 U - a +2 cloak of poison resistance (worn)
   (You found it on level 3 of the Elven Halls)
 W - a +2 pair of boots (worn)
   (You found it on level 14 of the Dungeon)
Jewellery
 i - the ring of Gluttony {+Fly rC+}
   (You acquired it on level 1 of the Snake Pit)

   [ring of flight]

   It protects you from cold.
   It lets you fly.
 k - a ring of protection from fire (right hand) {rF+, !d}
   (You found it on level 2 of the Elven Halls)
 Q - the ring "Japanlela" (left hand) {Dex+3 Slay+3 SInv}
   (You found it in the Desolation of Salt)

   [ring of see invisible]

   It affects your dexterity (+3).
   It affects your accuracy and damage with ranged weapons and melee attacks
   (+3).
   It lets you see invisible.
Wands
 n - a wand of digging (7)
   (You found it on level 11 of the Dungeon)
 p - a wand of acid (4)
   (You found it on level 3 of the Depths)
 r - a wand of scattershot (5)
   (You found it on level 3 of the Elven Halls)
 s - a wand of iceblast (52)
   (You found it on level 3 of the Dungeon)
Scrolls
 b - 9 scrolls of fog
 j - 24 scrolls of identify
 l - 7 scrolls of immolation {!r}
 m - 29 scrolls of remove curse
 t - 17 scrolls of teleportation
 B - a scroll of enchant armour
 J - 6 scrolls of blinking {!r}
 T - 2 scrolls of holy word {!r}
 V - 4 scrolls of silence
 X - 4 scrolls of magic mapping {!r}
Potions
 e - 9 potions of lignification {!q}
 h - 4 potions of might
 o - 6 potions of mutation {!q}
 u - 18 potions of curing
 v - 2 potions of berserk rage {!q}
 w - 9 potions of ambrosia
 F - 2 potions of resistance
 G - 3 potions of invisibility
 I - 4 potions of cancellation
 L - 7 potions of agility
Books
 c - a manual of Axes {!d}
   (You found it on level 5 of the Vaults)
 K - a manual of Ice Magic {!d}
   (You found it on level 2 of the Lair of Beasts)
Miscellaneous
 a - a lamp of fire
   (You found it on level 3 of the Elven Halls)
 g - a fan of gales
   (You found it on level 1 of the Abyss)
 y - a phial of floods
   (You found it on level 3 of the Realm of Zot)
 O - a box of beasts
 P - 2 phantom mirrors
 Y - 2 sacks of spiders
Comestibles
 f - 73 rations


   Skills:
 + Level 23.5(23.3) Fighting
 + Level 24.3(24.1) Axes
 - Level 18.8(18.7) Armour
 - Level 18.3(18.1) Dodging
 - Level 18.3(18.1) Shields
 + Level 6.9(6.8) Spellcasting
 + Level 7.7(7.5) Charms
 + Level 6.3(6.2) Necromancy
 + Level 18.3(18.1) Invocations
 - Level 15.0(14.8) Evocations


You had 36 spell levels left.
You knew the following spells:

 Your Spells              Type           Power        Failure   Level  Hunger
a - Regeneration          Chrm/Necr      ###.......   14%         3    ###....

Your spell library contained the following spells:

 Spells                   Type           Power        Failure   Level  Hunger
 Animate Skeleton         Necr           N/A          7%          1    None
 Pain                     Necr           ###.         7%          1    None
 Vampiric Draining        Necr           ###.......   17%         3    ###....
 Shroud of Golubria       Chrm/Tloc      ###.......   24%         2    ##.....
 Animate Dead             Necr           N/A          47%         4    ####...
 Apportation              Tloc           #.....       56%         1    None
 Beastly Appendage        Tmut           #.....       56%         1    None
 Confusing Touch          Hex            #.....       56%         1    None
 Corona                   Hex            #......      56%         1    None
 Flame Tongue             Conj/Fire      #....        56%         1    None
 Magic Dart               Conj           #...         56%         1    None
 Sandblast                Erth           #.....       56%         1    None
 Sting                    Conj/Pois      #...         56%         1    None
 Summon Butterflies       Summ           #.......     56%         1    None
 Blink                    Tloc           N/A          71%         2    ##.....
 Call Imp                 Summ           #.......     71%         2    ##.....
 Ensorcelled Hibernation  Hex/Ice        #.....       71%         2    ##.....
 Passwall                 Tmut/Erth      #.......     71%         2    ##.....
 Poisonous Vapours        Pois/Air       #.....       71%         2    ##.....
 Searing Ray              Conj           #.....       71%         2    ##.....
 Slow                     Hex            #.......     71%         2    ##.....
 Sticks to Snakes         Tmut           #.......     71%         2    ##.....
 Throw Flame              Conj/Fire      #.....       71%         2    ##.....
 Throw Frost              Conj/Ice       #.....       71%         2    ##.....
 Call Canine Familiar     Summ           #.......     89%         3    ###....
 Confuse                  Hex            #.......     89%         3    ###....
 Conjure Flame            Conj/Fire      #.......     89%         3    ###....
 Dazzling Spray           Conj/Hex       #.....       89%         3    ###....
 Gell's Gravitas          Tloc           #.........   89%         3    ###....
 Ignite Poison            Fire/Tmut/Pois #.......     89%         3    ###....
 Inner Flame              Hex/Fire       #.......     89%         3    ###....
 Lesser Beckoning         Tloc           #.........   89%         3    ###....
 Mephitic Cloud           Conj/Pois/Air  #.......     89%         3    ###....
 Portal Projectile        Hex/Tloc       #.....       89%         3    ###....
 Spider Form              Tmut/Pois      #.........   89%         3    ###....
 Static Discharge         Conj/Air       #.......     89%         3    ###....
 Stone Arrow              Conj/Erth      #.....       89%         3    ###....
 Summon Guardian Golem    Hex/Summ       #.......     89%         3    ###....
 Teleport Other           Tloc           #.......     89%         3    ###....
 Tukima's Dance           Hex            #.......     89%         3    ###....
 Iskenderun's Battlesphe  Conj/Chrm      ###.....     98%         5    ######.
 Cause Fear               Hex            #.........   99%         4    ####...
 Force Lance              Conj/Tloc      #.......     99%         4    ####...
 Fulminant Prism          Conj/Hex       #.........   99%         4    ####...
 Ice Form                 Ice/Tmut       #.......     99%         4    ####...
 Iskenderun's Mystic Bla  Conj           #.......     99%         4    ####...
 Leda's Liquefaction      Hex/Erth       #.........   99%         4    ####...
 Olgreb's Toxic Radiance  Pois           #.......     99%         4    ####...
 Passage of Golubria      Tloc           N/A          99%         4    ####...
 Petrify                  Tmut/Erth      #.......     99%         4    ####...
 Sticky Flame             Conj/Fire      #.......     99%         4    ####...
 Summon Ice Beast         Ice/Summ       #.......     99%         4    ####...
 Summon Lightning Spire   Summ/Air       #.......     99%         4    ####...
 Borgnjor's Vile Clutch   Necr/Erth      ##........   99%         5    ######.
 Alistair's Intoxication  Tmut/Pois      #.......     100%        5    ######.
 Blade Hands              Tmut           #.........   100%        5    ######.
 Bolt of Magma            Conj/Fire/Erth #.........   100%        5    ######.
 Fireball                 Conj/Fire      #.........   100%        5    ######.
 Irradiate                Conj/Tmut      #.........   100%        5    ######.
 Lee's Rapid Deconstruct  Erth           #.........   100%        5    ######.
 Lightning Bolt           Conj/Air       #.........   100%        5    ######.
 Metabolic Englaciation   Hex/Ice        #.........   100%        5    ######.
 Silence                  Hex/Air        #.........   100%        5    ######.
 Summon Demon             Summ           #.........   100%        5    ######.
 Summon Forest            Summ/Tloc      #.........   100%        5    ######.
 Summon Mana Viper        Hex/Summ       #.......     100%        5    ######.
 Venom Bolt               Conj/Pois      #.........   100%        5    ######.
 Yara's Violent Unravell  Hex/Tmut       #.........   100%        5    ######.
 Darkness                 Hex            #.........   100%        6    #######
 Death Channel            Necr           ###.......   100%        6    #######
 Deflect Missiles         Chrm/Air       ###.......   100%        6    #######
 Hydra Form               Tmut           #.........   100%        6    #######
 Invisibility             Hex            #.......     100%        6    #######
 Iron Shot                Conj/Erth      #.........   100%        6    #######
 Shadow Creatures         Summ           N/A          100%        6    #######
 Statue Form              Tmut/Erth      #........    100%        6    #######
 Dragon Form              Tmut           #.........   100%        7    #######
 Haunt                    Necr/Summ      ##........   100%        7    #######
 Malign Gateway           Summ/Tloc      #.........   100%        7    #######
 Orb of Destruction       Conj           #.........   100%        7    #######
 Spellforged Servitor     Conj/Summ      #.........   100%        7    #######
 Summon Hydra             Summ           #.........   100%        7    #######
 Borgnjor's Revivificati  Necr           ###.......   100%        8    #######
 Death's Door             Chrm/Necr      ###.......   100%        8    #######
 Discord                  Hex            #.........   100%        8    #######
 Ignition                 Fire           #.........   100%        8    #######
 Infestation              Necr           ###.......   100%        8    #######
 Necromutation            Tmut/Necr      ##........   100%        8    #######
 Shatter                  Erth           #.........   100%        9    #######
 Tornado                  Air            #.........   100%        9    #######


Dungeon Overview and Level Annotations

Branches:
Dungeon (15/15)            Temple (0/1) D:6            Lair (6/6) D:8
 Shoals (4/4) Lair:2        Snake (4/4) Lair:4        Slime (5/5) Lair:6
    Orc (2/2) D:11            Elf (3/3) Orc:2        Vaults (5/5) D:14
  Crypt (0/3) Vaults:2     Depths (5/5) D:15           Hell (1/1)
    Dis (0/7) Hell            Geh (0/7) Hell            Coc (0/7) Hell
    Tar (0/7) Hell            Zot (4/5) Depths:5

Altars:
Cheibriados
Elyvilon
Fedhas
Kikubaaqudgha
Makhleb
Okawaru
Qazlal
Ru
Sif Muna
Trog
Uskayaw
Xom
Yredelemnul
Zin
The Shining One
Beogh

Shops:
D:6 [%(}   D:12 ?(   D:13 *   Orc:2 **([   Elf:1 }   Snake:1 ?   Vaults:1 :
Vaults:4 (   Vaults:5 *   Depths:4 ?

Portals:
Hell: Depths:1 Depths:2 Depths:3 Depths:4 Depths:5
Abyss: Depths:1 Depths:4
Pandemonium: Depths:2 Depths:3
Ziggurat: Depths:2
Trove: Vaults:1 (give 2 scrolls of acquirement)

Annotations:
D:13 1 runed translucent door, Liimbo's ghost, journeyman FoWn
Lair:1 exclusion: 3 oklob plants
Shoals:3 2 runed translucent doors, Wecaes's ghost, journeyman HOFE
Snake:1 1 runed translucent door, Ciageutz's ghost, journeyman GnWz
Depths:2 exclusions: 2 Tzitzimimeh, 2 great orbs of eyes and 6 more exclusions
Depths:5 2 transporters, 1 exclusion, WeeknightWizard's ghost, veteran DEFE
Zot:4 5 transporters
Abyss:1 Asterion; Dissolution; Geryon


Innate Abilities, Weirdness & Mutations

Shadows flee at your approach. (+LOS)
You can swim through water.
You cover ground slowly.
You can hop long distances.
You are surrounded by a mild repulsion field. (EV +2)
Armour fits poorly on your strangely shaped body.
Your spells are a little harder to cast, but a little more powerful.
[You often lose your temper in combat.]
[Scrolls take you much longer to read.]
[You are clumsy. (Dex -2)]
[Your body often deteriorates upon taking damage.]
[You are very frail. (-20% HP)]
[Potions cannot restore your health.]


Message History

Warning x3: The tentacled monstrosity has dangerous constriction in melee!
The starcursed mass can smite you! x2
You barely miss the wight. You slash the tentacled monstrosity!
Space bends around the tentacled monstrosity.
A chorus of shrieks assaults your mind.
* * * LOW HITPOINT WARNING * * *
You take 6 damage, and have 13/188 hp.
Danger x4: tentacled monstrosity, starcursed mass x3!
Unknown command.
Unknown command.
Unknown command.
You slice the wight!!
You destroy the wight!
Qazlal accepts your kill.
You slash the tentacled monstrosity!
Space bends around the tentacled monstrosity.
You block the tentacled monstrosity's attack. x3
The tentacled monstrosity grabs you.
* * * LOW HITPOINT WARNING * * *
The tentacled monstrosity constricts you.
The wretched star pulses with an eldritch light!
Your vision blurs.
Unknown command.
Unknown command.
You take 4 damage, and have 9/188 hp.
Danger x4: tentacled monstrosity, starcursed mass x3!
Unknown command.
Unknown command.
Okay, then.
Unknown command.
The tentacled monstrosity's grasp on you weakens, but your attempt to escape fails.
The tentacled monstrosity barely misses you.
You block the tentacled monstrosity's attack.
The tentacled monstrosity tentacle-slaps you but does no damage.
* * * LOW HITPOINT WARNING * * *
The tentacled monstrosity constricts you.
You block the wight's attack.
The wretched star pulses with an eldritch light!
You feel a little pissed off.
You feel angry.
Unknown command.
Unknown command.
Unknown command.
You take 1 damage, and have 8/188 hp.
Danger x5: tentacled monstrosity, starcursed mass x4!
Unknown command.
Unknown command.
Unknown command.
Unknown command.
Unknown command.
That felt strangely inert.
The starcursed mass is engulfed in blazing flames.
You block the tentacled monstrosity's attack. x3
* * * LOW HITPOINT WARNING * * *
The tentacled monstrosity constricts you.
You take 1 damage, and have 7/188 hp.
Danger x5: starcursed mass x4, tentacled monstrosity!
You are confused.
Your system rejects the healing.
You feel invigorated.
The wretched star is engulfed in freezing vapours.
The tentacled monstrosity misses you.
The tentacled monstrosity tentacle-slaps you but does no damage.
The tentacled monstrosity tentacle-slaps you.
* * * LOW HITPOINT WARNING * * *
x2 The tentacled monstrosity constricts you.
A starcursed mass splits.
The wight is engulfed in blazing flames.
A starcursed mass splits.
You take 3 damage, and have 4/188 hp.
You regained 3 mp, and now have 33/36 mp.
Danger x6: starcursed mass x5, tentacled monstrosity!
Unknown command.
Unknown command.
Unknown command.
Unknown command.
Unknown command.
You hit the starcursed mass but do no damage.
The starcursed mass is lightly damaged.
You slash the tentacled monstrosity!
The tentacled monstrosity disappears!
Something loses its grip on you.
The starcursed mass blinks!
You slash the wretched star!
The wretched star pulses with an eldritch light!
You feel your body start to fall apart.
Unknown command.
Unknown command.
You regained 2 mp, and now have 35/36 mp.
Danger x5: starcursed mass x5!
Unknown command.
Unknown command.
Unknown command.
Unknown command.
Unknown command.
Unknown command.
Danger x5: starcursed mass x5!
Unknown command.
Unknown command.
You slash the wretched star!
Space bends around the wretched star.
The wretched star is almost destroyed.
You slice the starcursed mass!!
Space bends around the starcursed mass.
The starcursed mass shudders and withdraws towards its neighbour. x4
A deafening chorus of shrieks assaults your mind!
You die...

. # . ##. # .≈≈
4. ###.X .. .##
## .# # ...# #
.#... # .
##....#. .#≈≈.#.
#..)..##.###..≈≈
.. . #
...#####... . .
. ##.# ##..#○#
≈. .. # #
.#§.##X*#..≈ ..
## .#. #)@# ≈ .#
.# #.°z§X#.
#.#..
##.#..#.≈≈. ##.#
..##.##X.X≈....
..#. . . ....X.
≈... #.# .#
....##.#≈≈.#. .
. # ...# ..#≈≈##
. #.#.. .. #≈.#
##...# . ..


You could see 5 starcursed masses, a wretched star and a wight.

Vanquished Creatures
  the Royal Jelly (Slime:5)
  An orb of fire (Zot:1)
  Vashnia (Snake:2)
  Xtahua (Depths:3)
  3 caustic shrikes
  Saint Roka (Orc:2)
  3 curse toes
  3 golden dragons
  A golden dragon (shapeshifter) (Vaults:5)
  A bone dragon (Depths:5)
  2 electric golems (Zot:3)
  14 tentacled monstrosities
  5 liches
  12 acid blobs
  2 titans
  A quicksilver dragon (Zot:1)
  2 deep elf blademasters (Elf:3)
  2 deep elf master archers (Elf:3)
  3 sphinxes
  A tentacled starspawn (Abyss:1)
  6 death cobs
  Frances (D:12)
  Agnes (Elf:1)
  8 tengu reavers
  4 draconian monks
  Kirke (D:12)
  7 shadow dragons
  10 azure jellies
  11 storm dragons
  4 nagarajas
  10 draconian knights
  2 ghost moths
  16 vault wardens
  An imperial myrmidon (Desolation)
  7 deep elf sorcerers
  6 frost giants
  7 fire giants
  3 iron dragons
  7 draconian scorchers
  Louise (Depths:4)
  2 balrugs (Hell)
  A draconian stormcaller (Zot:3)
  A ghoul (Vaults:2)
  6 draconian shifters
  19 very ugly things
  15 ironheart preservers
  4 reapers
  A vampire knight (Depths:4)
  2 draconian annihilators
  5 deep elf elementalists
  10 stone giants
  An entropy weaver (Vaults:4)
  2 war gargoyles
  5 deep elf demonologists (Elf:3)
  12 deep elf annihilators
  12 purple draconians
  5 white draconians
  Azrael (D:12)
  3 halazid warlocks (Desolation)
  5 dire elephants (Lair:6)
  6 red draconians
  6 black draconians
  12 green draconians
  11 yellow draconians
  A lorocyproca (Hell)
  8 ettins
  5 merfolk javelineers
  A green death (Abyss:1)
  2 blizzard demons
  8 death oozes
  6 deep elf death magi
  3 merfolk impalers (Shoals:4)
  3 crystal guardians
  A quicksilver dragon zombie (Hell)
  9 great orbs of eyes
  2 ragged hierophants (Desolation)
  A fire dragon (Depths:2)
  12 yaktaur captains
  5 deep elf high priests
  7 rakshasas
  7 ice dragons
  7 naga warriors
  2 spriggan air magi
  5 peacekeepers (Desolation)
  4 servants of whispers (Desolation)
  22 vault guards
  A merfolk avatar (Shoals:2)
  14 centaur warriors
  29 two-headed ogres
  15 anacondas
  4 hydras
  Erica (Orc:1)
  5 merfolk aquamancers
  An alligator snapping turtle (Shoals:4)
  8 ogre magi
  19 dancing weapons
  A death knight (Vaults:3)
  2 satyrs
  3 tengu warriors
  Urug (Lair:5)
  A satyr (shapeshifter) (Depths:4)
  2 vampire magi
  3 hell hogs (Hell)
  3 thrashing horrors (Abyss:1)
  5 deep troll earth magi
  11 deep troll shamans
  12 naga sharpshooters
  7 shock serpents
  An orc high priest (Orc:2)
  4 spriggan berserkers (Depths:5)
  2 soul eaters
  Sonja (Lair:2)
  7 sun demons
  A storm dragon zombie (Hell)
  15 hell knights
  16 deep elf knights
  12 large abominations
  3 wretched stars (Abyss:1)
  3 shadow wraiths
  A titan skeleton (Vaults:4)
  3 iron trolls (Depths:1)
  18 small abominations
  4 salamander mystics
  An unseen horror (shapeshifter) (Vaults:4)
  8 skeletal warriors
  33 deep trolls
  3 unseen horrors
  11 sea snakes
  4 glowing orange brains
  5 naga ritualists
  An anaconda skeleton (Hell)
  2 flayed ghosts
  A wizard (Depths:3)
  17 ironbrand convokers
  8 deep elf archers
  23 harpies
  8 necromancers
  56 deep elf magi
  Pikel (D:9)
  31 ugly things
  15 orc knights
  A phantasmal warrior (Vaults:5)
  A harpy (shapeshifter) (Vaults:5)
  6 orc sorcerers
  4 fauns
  2 wolf spiders
  A human zombie (Vaults:4)
  17 salamanders
  10 manticores
  68 slime creatures
  13 cyclopes
  8 mana vipers
  5 shining eyes
  A salamander (shapeshifter) (Depths:4)
  A cyclops (shapeshifter) (Vaults:5)
  17 elephants
  A worldbinder (Abyss:1)
  7 moths of wrath
  An apocalypse crab (Abyss:1)
  8 merfolk sirens
  26 black mambas
  10 vault sentinels
  3 water nymphs
  2 centaur zombies
  A black mamba (shapeshifter) (Vaults:3)
  6 naga magi
  4 ice statues
  3 molten gargoyles
  Psyche (D:11)
  2 torpor snails
  2 smoke demons (Abyss:1)
  2 kobold demonologists
  A yaktaur (shapeshifter) (Vaults:1)
  4 orange demons (Abyss:1)
  An efreet (Abyss:1)
  15 spiny frogs
  A rime drake (shapeshifter) (Vaults:1)
  28 yaktaurs
  6 freezing wraiths
  A rime drake (Lair:6)
  5 komodo dragons
  A komodo dragon (shapeshifter) (D:13)
  2 tengu conjurers
  12 ice devils
  4 human skeletons
  2 hellwings
  6 ancient zymes (Abyss:1)
  A red devil (Hell)
  A jumping spider (shapeshifter) (Vaults:2)
  A hydra zombie (Hell)
  2 meliai (D:14)
  2 polar bears
  13 merfolk
  A queen bee (Lair:2)
  12 trolls
  3 wind drakes
  6 hornets
  A wind drake (shapeshifter) (Vaults:5)
  A shadow dragon simulacrum (Vaults:3)
  A tengu simulacrum (Vaults:4)
  37 saltlings
  An alligator zombie (Abyss:1)
  A blink frog (shapeshifter) (Elf:2)
  9 dream sheep
  13 blink frogs
  2 raiju (Abyss:1)
  4 snapping turtles
  A redback (shapeshifter) (Vaults:4)
  16 hippogriffs
  Sigmund (D:2)
  An alligator skeleton (Hell)
  3 ynoxinuls (Abyss:1)
  A shadow (D:13)
  3 spriggans (Depths:5)
  4 wraiths
  2 vampires
  3 flying skulls (Abyss:1)
  8 fire bats
  63 yaks
  4 wyverns
  A wyvern (shapeshifter) (Vaults:4)
  A human (shapeshifter) (Vaults:3)
  10 fire elementals
  13 water elementals
  3 basilisks
  2 chaos spawn (Abyss:1)
  A hog (D:8)
  2 neqoxecs (Abyss:1)
  4 hungry ghosts
  An elf skeleton (Depths:3)
  A vampire mosquito (D:9)
  A swamp worm (shapeshifter) (Vaults:5)
  5 wargs
  47 nagas
  3 hell hounds
  A soldier ant (shapeshifter) (Vaults:5)
  An acid dragon (D:15)
  A spiny frog zombie (Hell)
  17 water moccasins
  10 porcupines
  4 sky beasts
  11 black bears
  An elf zombie (Vaults:3)
  2 ettin simulacra (Vaults:3)
  64 orc warriors
  A black bear (shapeshifter) (D:10)
  2 slaves (D:9)
  13 starcursed masses (Abyss:1)
  4 ice beasts
  An ice dragon simulacrum (Vaults:1)
  4 eyes of draining
  14 boggarts
  37 ogres
  3 phantoms
  3 spiny frog skeletons (Hell)
  12 crocodiles
  4 wolves
  32 centaurs
  5 big kobolds
  2 elf simulacra (Depths:3)
  27 bullfrogs
  5 gnoll sergeants
  An earth elemental (Elf:2)
  A wyvern zombie (D:10)
  2 wyvern skeletons (D:9)
  4 scorpions
  27 killer bees
  2 human simulacra (Vaults:1)
  11 wights
  14 electric eels
  3 howler monkeys (D:11)
  6 crimson imps
  6 lava snakes (Volcano)
  5 quasits
  8 hounds
  33 orc wizards
  Crazy Yiuf (D:3)
  4 bullfrog skeletons
  7 centaur skeletons
  26 orc priests
  5 gnoll shamans
  An iron imp (Depths:3)
  15 jellies
  Jessica (D:4)
  4 iguanas
  Terence (D:2)
  15 worker ants
  6 hell rats
  An ogre zombie (Hell)
  2 hound skeletons
  Robin (D:2)
  A worker ant zombie (D:9)
  33 gnolls
  A howler monkey skeleton (D:10)
  13 adders
  4 river rats
  2 shadow imps
  5 white imps
  9 ufetubi
  An ooze (D:3)
  An adder skeleton (D:6)
  An adder zombie (D:8)
  5 worms
  4 dart slugs
  6 leopard geckos
  A leopard gecko (shapeshifter) (Depths:4)
  153 orcs
  6 ball pythons
  6 giant cockroaches
  15 goblins
  11 hobgoblins
  16 jackals
  7 quokkas
  9 bats
  4 frilled lizards
  15 kobolds
  14 rats
  14 crawling corpses
  A fire vortex (Depths:1)
  3 fungi
  13 plants
  A starspawn tentacle (Abyss:1)
2417 creatures vanquished.

Vanquished Creatures (collateral kills)
  A caustic shrike (Depths:5)
  A tengu reaver (Vaults:5)
  A deep elf sorcerer (Elf:3)
  A green draconian (Zot:1)
  A deep elf death mage (Elf:3)
  A centaur warrior (Depths:3)
  A necromancer (Hell)
  A deep elf mage (Vaults:5)
  A freezing wraith (Vaults:5)
  5 crawling corpses
14 creatures vanquished.

Vanquished Creatures (others)
  A caustic shrike (Depths:5)
  A golden dragon (Zot:1)
  A bone dragon (Abyss:1)
  A tentacled monstrosity (Vaults:5)
  2 quicksilver dragons
  3 acid blobs
  3 death cobs
  A nagaraja (Snake:4)
  A shadow dragon (Vaults:5)
  2 tengu reavers
  2 storm dragons
  A draconian monk (Zot:4)
  3 vault wardens (Vaults:4)
  2 draconian knights
  A draconian shifter (Zot:1)
  A draconian annihilator (Zot:2)
  A deep elf elementalist (Elf:3)
  4 ironheart preservers
  A very ugly thing (Depths:5)
  A green draconian (Zot:4)
  2 stone giants
  A deep elf demonologist (Elf:3)
  A dire elephant (Lair:6)
  3 red draconians
  3 yellow draconians
  2 purple draconians
  A deep elf death mage (Elf:3)
  A blizzard demon (Hell)
  An ettin (Vaults:1)
  2 ragged hierophants (Desolation)
  2 yaktaur captains
  A quicksilver dragon zombie (Hell)
  A fire dragon (Depths:3)
  2 ice dragons
  4 vault guards (Vaults:5)
  An ogre mage (Depths:1)
  A rakshasa (Depths:1)
  2 peacekeepers (Desolation)
  2 naga warriors
  3 hydras
  A servant of whispers (Desolation)
  An anaconda (Snake:2)
  A merfolk avatar (Shoals:2)
  2 death knights (Vaults:2)
  A spriggan air mage (Depths:4)
  A two-headed ogre (D:14)
  A merfolk aquamancer (Shoals:4)
  A centaur warrior (Depths:3)
  2 dancing weapons
  A deep troll earth mage (Vaults:3)
  2 spriggan berserkers (Depths:4)
  3 small abominations
  A naga sharpshooter (Snake:4)
  A shock serpent (Snake:2)
  3 hell knights
  A thrashing horror (Abyss:1)
  A sun demon (Hell)
  A deep elf knight (Elf:2)
  5 skeletal warriors
  A salamander mystic (Snake:2)
  A shadow wraith (Vaults:5)
  3 deep trolls
  2 sea snakes
  A phantasmal warrior (Vaults:5)
  An ironbrand convoker (Elf:1)
  2 naga ritualists
  An orange crystal statue (Snake:3)
  A flayed ghost (Depths:4)
  3 harpies
  3 orc knights
  A mana viper (Snake:1)
  5 ugly things
  A wolf spider (Vaults:3)
  2 manticores
  An orc sorcerer (Orc:2)
  3 salamanders (Snake:1)
  A faun (Shoals:1)
  2 starcursed masses (Abyss:1)
  5 deep elf magi
  13 slime creatures
  3 elephants
  2 cyclopes
  2 guardian serpents (Desolation)
  A naga mage (Snake:3)
  3 vault sentinels
  A human skeleton (Vaults:3)
  A centaur zombie (D:13)
  3 black mambas
  A spiny frog (Lair:6)
  A gargoyle (D:14)
  A komodo dragon (D:13)
  A yaktaur (shapeshifter) (Vaults:3)
  A freezing wraith (Vaults:2)
  2 ice devils (IceCv)
  A hydra zombie (Hell)
  2 merfolk
  A meliai (D:14)
  A blink frog (Lair:6)
  4 saltlings (Desolation)
  A snapping turtle (Shoals:2)
  3 hippogriffs
  A ynoxinul (Depths:1)
  A fire elemental (Elf:1)
  A chaos spawn (Abyss:1)
  7 yaks
  A fire bat (Lair:4)
  A yaktaur simulacrum (Vaults:4)
  4 nagas
  2 hell hounds
  3 water moccasins
  6 orc warriors
  2 slaves (D:9)
  2 ogres
  A manticore zombie (Hell)
  A centaur (D:15)
  A crocodile (Lair:2)
  An earth elemental (Elf:3)
  4 killer bees (Lair:2)
  A wight (D:14)
  A jelly (Lair:6)
  4 white imps (IceCv)
  5 ufetubi (IceCv)
  3 orcs
  2 kobolds (D:8)
  A quokka (D:5)
  A bush (Lair:3)
  11 fungi
  51 plants
  4 starspawn tentacles (Abyss:1)
311 creatures vanquished.

Grand Total: 2742 creatures vanquished

Notes
Turn   | Place    | Note
-------+----------+-------------------------------------------
     0 | D:1      | Mgcat the Barachi Fighter began the quest for the Orb.
     0 | D:1      | Reached XP level 1. HP: 18/18 MP: 1/1
    47 | D:1      | Reached skill level 4 in Fighting
    47 | D:1      | Reached XP level 2. HP: 21/25 MP: 2/2
   143 | D:1      | Reached skill level 3 in Axes
   260 | D:1      | Reached XP level 3. HP: 31/31 MP: 3/3
   759 | D:2      | Found a burning altar of Makhleb.
   769 | D:2      | Found a sacrificial altar of Ru.
   870 | D:2      | Reached XP level 4. HP: 37/38 MP: 4/4
   887 | D:2      | Noticed Robin
   896 | D:2      | Killed Robin
   896 | D:2      | Reached skill level 5 in Fighting
   960 | D:2      | Reached skill level 4 in Axes
   972 | D:2      | Found a stormy altar of Qazlal.
  1009 | D:2      | Became a worshipper of Qazlal Stormbringer
  1320 | D:2      | Noticed Sigmund
  1384 | D:2      | Killed Sigmund
  1384 | D:2      | Reached skill level 6 in Axes
  1384 | D:2      | Reached XP level 5. HP: 24/44 MP: 5/5
  1384 | D:2      | Reached XP level 6. HP: 27/51 MP: 6/6
  1532 | D:2      | Noticed Terence
  1548 | D:2      | Killed Terence
  1708 | D:3      | Found a white marble altar of Elyvilon.
  1889 | D:3      | Reached * piety under Qazlal
  1906 | D:3      | Reached skill level 1 in Invocations
  2127 | D:3      | Found a glowing drain.
  2141 | Sewer    | Entered a sewer
  2229 | Sewer    | Reached skill level 7 in Axes
  2229 | Sewer    | Reached skill level 2 in Invocations
  2229 | Sewer    | Reached XP level 7. HP: 54/56 MP: 6/8
  2246 | Sewer    | Found a white marble altar of Elyvilon.
  2416 | D:3      | Found a runed translucent door.
  2417 | D:3      | Noticed Crazy Yiuf
  2925 | D:3      | Killed Crazy Yiuf
  3202 | D:4      | Noticed Jessica
  3416 | D:4      | Killed Jessica
  3422 | D:4      | Found a deep blue altar of Sif Muna.
  3492 | D:4      | Reached ** piety under Qazlal
  3492 | D:4      | Reached skill level 3 in Invocations
  3706 | D:5      | Entered Level 5 of the Dungeon
  3838 | D:5      | Found a glowing golden altar of the Shining One.
  3839 | D:5      | Found a bloodstained altar of Trog.
  4137 | D:5      | Noticed a +0 dagger
  4138 | D:5      | Found a hide-covered altar of Uskayaw.
  4138 | D:5      | Noticed a +0 dagger
  4174 | D:5      | Reached skill level 8 in Axes
  4174 | D:5      | Reached XP level 8. HP: 62/62 MP: 10/10
  4493 | D:5      | Reached skill level 4 in Invocations
  4535 | D:6      | HP: 12/62 [orc warrior/+0 flail (10)]
  4541 | D:5      | HP: 7/62 [orc warrior/+0 flail (6)]
  4990 | D:6      | Found a shimmering altar of Xom.
  5031 | D:6      | Reached skill level 5 in Invocations
  5054 | D:6      | Found a staircase to the Ecumenical Temple.
  5079 | D:6      | HP: 9/62 [electric eel/bolt of electricity (10)]
  5081 | D:6      | Reached skill level 9 in Axes
  5119 | D:6      | HP: 15/62 [gnoll/+0 halberd (3)]
  5413 | D:6      | Found Vopaihynk's Gadget Emporium.
  5464 | D:6      | Found Tudghila's Armour Shoppe.
  5592 | D:6      | Found Iplarghoc's Food Shop.
  5624 | D:6      | Reached *** piety under Qazlal
  5647 | D:6      | Reached XP level 9. HP: 49/68 MP: 9/13
  5849 | D:6      | Found Ythenukk's Antique Weapon Shop.
  5906 | D:6      | Reached skill level 6 in Invocations
  6107 | D:6      | Reached skill level 10 in Axes
  6475 | D:7      | Reached skill level 7 in Invocations
  6482 | D:7      | Reached skill level 11 in Axes
  6525 | D:7      | HP: 17/68 [poisoned by a killer bee]
  6530 | D:7      | Reached **** piety under Qazlal
  6532 | D:7      | HP: 16/68 [killer bee (3)]
  6538 | D:7      | HP: 25/102 [poisoned by a killer bee]
  6543 | D:7      | Reached XP level 10. HP: 22/74 MP: 8/15
  6544 | D:7      | HP: 22/111 [poisoned by a killer bee]
  6549 | D:7      | HP: 13/74 [poisoned by a killer bee]
  6554 | D:7      | HP: 12/74 [poisoned by a killer bee]
  6559 | D:7      | HP: 12/74 [poisoned by a killer bee]
  6813 | D:7      | Reached skill level 8 in Invocations
  6916 | D:7      | Found an iron altar of Okawaru.
  7119 | D:7      | Found a basalt altar of Yredelemnul.
  7912 | D:8      | Noticed a two-headed ogre
  7926 | D:8      | Killed a two-headed ogre
  7926 | D:8      | Reached skill level 12 in Axes
  7926 | D:8      | Reached skill level 9 in Invocations
  8594 | D:8      | You fall through a shaft for 2 floors!
  8594 | D:10     | Entered Level 10 of the Dungeon
  8623 | D:9      | Noticed Pikel
  8646 | D:9      | Killed Pikel
  8646 | D:9      | Reached skill level 13 in Axes
  8646 | D:9      | Reached XP level 11. HP: 60/79 MP: 13/18
  8743 | D:8      | Noticed a manticore
  8748 | D:8      | Reached skill level 10 in Invocations
  8753 | D:8      | Killed a manticore
  9000 | D:8      | Found a hide-covered altar of Uskayaw.
  9108 | D:8      | Reached skill level 14 in Axes
  9131 | D:8      | Found a staircase to the Lair.
  9162 | D:8      | Reached skill level 4 in Armour
  9162 | D:8      | Reached skill level 1 in Dodging
  9246 | D:8      | Reached skill level 2 in Dodging
  9246 | D:8      | Reached skill level 4 in Shields
  9341 | D:8      | Reached ***** piety under Qazlal
  9603 | D:8      | Noticed a two-headed ogre
  9611 | D:8      | Killed a two-headed ogre
  9611 | D:8      | Reached skill level 6 in Fighting
  9611 | D:8      | Reached skill level 5 in Armour
  9617 | D:8      | Reached skill level 3 in Dodging
 10234 | D:9      | Found a snail-covered altar of Cheibriados.
 10309 | D:9      | Reached skill level 5 in Shields
 10427 | D:9      | Reached skill level 4 in Dodging
 10457 | D:9      | Noticed a cyclops
 10470 | D:9      | Killed a cyclops
 10470 | D:9      | Reached skill level 7 in Fighting
 10470 | D:9      | Reached XP level 12. HP: 79/91 MP: 15/19
 10490 | D:9      | Identified a scroll of acquirement
 10564 | D:9      | Found a blossoming altar of Fedhas.
 10811 | D:9      | You fall through a shaft!
 10999 | D:10     | Noticed a two-headed ogre
 11001 | D:10     | Noticed a two-headed ogre
 11013 | D:10     | Killed a two-headed ogre
 11013 | D:10     | Reached skill level 5 in Dodging
 11021 | D:10     | Killed a two-headed ogre
 11021 | D:10     | Reached skill level 8 in Fighting
 11312 | D:10     | Reached skill level 9 in Fighting
 11362 | D:10     | Found a shimmering altar of Xom.
 11370 | D:10     | Found a snail-covered altar of Cheibriados.
 11370 | D:10     | Found a burning altar of Makhleb.
 11371 | D:10     | Found a glowing silver altar of Zin.
 11371 | D:10     | Found a shimmering altar of Xom.
 11371 | D:10     | Found a bloodstained altar of Trog.
 11546 | D:11     | Found a staircase to the Orcish Mines.
 11634 | D:11     | Noticed Psyche
 11639 | D:11     | Killed Psyche
 11714 | D:11     | Reached skill level 10 in Fighting
 12560 | Lair:1   | Entered Level 1 of the Lair of Beasts
 12630 | Lair:1   | Reached skill level 15 in Axes
 12817 | Lair:1   | Reached skill level 16 in Axes
 12817 | Lair:1   | Gained mutation: You can hop long distances. [Barachi
                  | growth]
 12817 | Lair:1   | Reached XP level 13. HP: 99/103 MP: 20/20
 13116 | Lair:1   | Reached ****** piety under Qazlal
 13730 | Lair:2   | Noticed Sonja
 13740 | Lair:2   | Killed Sonja
 13848 | Lair:2   | Reached skill level 17 in Axes
 13856 | Lair:2   | Found a staircase to the Shoals.
 14473 | Lair:3   | Found a dark tunnel.
 14498 | Volcano  | Entered a volcano
 14796 | Volcano  | Found a bloodstained altar of Trog.
 15209 | Lair:3   | Reached skill level 18 in Axes
 16156 | Lair:4   | Reached skill level 6 in Armour
 16165 | Lair:4   | Reached XP level 14. HP: 103/111 MP: 21/21
 16189 | Lair:4   | Reached skill level 6 in Dodging
 16197 | Lair:4   | Reached skill level 6 in Shields
 16366 | Lair:4   | Found a staircase to the Snake Pit.
 16807 | Lair:5   | Noticed Urug
 16839 | Lair:5   | Killed Urug
 16839 | Lair:5   | Reached skill level 7 in Armour
 16875 | Lair:5   | Reached skill level 11 in Fighting
 17525 | Lair:6   | Entered Level 6 of the Lair of Beasts
 17533 | Lair:6   | Reached skill level 7 in Dodging
 17539 | Lair:6   | Reached skill level 7 in Shields
 18583 | Lair:6   | Reached skill level 8 in Armour
 18591 | Lair:6   | Reached skill level 11 in Invocations
 18659 | Lair:6   | Found a staircase to the Slime Pits.
 18966 | Lair:6   | Noticed a dire elephant
 18970 | Lair:6   | Noticed a dire elephant
 19033 | Lair:6   | Noticed a dire elephant
 19033 | Lair:6   | Noticed a dire elephant
 19113 | Lair:6   | Noticed a dire elephant
 19127 | Lair:6   | Killed a dire elephant
 19145 | Lair:6   | Killed a dire elephant
 19145 | Lair:6   | Reached skill level 8 in Dodging
 19145 | Lair:6   | Reached skill level 8 in Shields
 19195 | Lair:6   | Noticed a dire elephant
 19292 | Lair:6   | Reached XP level 15. HP: 119/120 MP: 23/23
 19465 | Orc:1    | Entered Level 1 of the Orcish Mines
 19467 | Orc:1    | Noticed Erica
 19490 | Orc:1    | Killed Erica
 19657 | Orc:1    | Reached skill level 12 in Fighting
 20032 | Orc:2    | Entered Level 2 of the Orcish Mines
 20079 | Orc:2    | Found a roughly hewn altar of Beogh.
 20088 | Orc:2    | Reached skill level 9 in Armour
 20120 | Orc:2    | HP: 24/120 [orc warrior/+0 halberd (10)]
 20587 | Orc:2    | Found a roughly hewn altar of Beogh.
 20719 | Orc:2    | Found a roughly hewn altar of Beogh.
 20752 | Orc:2    | Found Fiudgh Ones's Assorted Antiques.
 20757 | Orc:2    | Bought a potion of might for 104 gold pieces
 20757 | Orc:2    | Bought a pair of jewelled gloves for 247 gold pieces
 20767 | Orc:2    | Identified the +1 pair of gloves "Tedastonn" {+Inv rCorr}
                  | (You bought it in a shop on level 2 of the Orcish Mines)
 20991 | Orc:2    | Found a staircase to the Elven Halls.
 21021 | Orc:2    | Found a roughly hewn altar of Beogh.
 21157 | Orc:2    | Noticed Saint Roka
 21176 | Orc:2    | Killed Saint Roka
 21176 | Orc:2    | Reached skill level 9 in Dodging
 21176 | Orc:2    | Reached skill level 9 in Shields
 21201 | Orc:2    | Found a roughly hewn altar of Beogh.
 21227 | Orc:2    | Found Ezeh's Antique Weapon Emporium.
 21229 | Orc:2    | Found Wapluj's Antique Armour Shoppe.
 21255 | Orc:2    | Bought a glowing shield for 180 gold pieces
 21312 | Orc:2    | Found a roughly hewn altar of Beogh.
 21493 | Orc:2    | Found Initezao's Assorted Antiques.
 21498 | Orc:2    | Bought a scroll labeled VIBYGA XUTRU for 28 gold pieces
 21498 | Orc:2    | Bought a potion of heal wounds for 140 gold pieces
 21840 | D:12     | Found Itausexe's Weapon Boutique.
 21841 | D:12     | Noticed Frances
 21857 | D:12     | Killed Frances
 22058 | D:12     | Noticed Azrael
 22074 | D:12     | Killed Azrael
 22077 | D:12     | Noticed Kirke
 22088 | D:12     | Killed Kirke
 22374 | D:12     | Found Pacri's Magic Scroll Boutique.
 22384 | D:12     | Bought a scroll of blinking for 120 gold pieces
 23031 | D:13     | Reached skill level 10 in Armour
 23233 | D:13     | Found a runed translucent door.
 23233 | D:13     | Found a shimmering altar of Xom.
 23233 | D:13     | Noticed Liimbo's ghost (journeyman FoWn)
 23467 | D:13     | Found Wokhak's Changing Room.
 23716 | D:14     | Reached skill level 13 in Fighting
 23746 | D:14     | Reached skill level 12 in Invocations
 23747 | D:14     | Reached XP level 16. HP: 129/130 MP: 22/25
 23757 | D:14     | Reached skill level 10 in Shields
 23760 | D:14     | Reached skill level 10 in Dodging
 23780 | D:14     | Found a gate to the Vaults.
 24418 | D:14     | Identified the Collected Works on Venomous Heat
 24736 | D:15     | Entered Level 15 of the Dungeon
 24777 | D:15     | Reached skill level 14 in Fighting
 25110 | D:15     | Found a staircase to the Depths.
 25293 | D:15     | Found a burning altar of Makhleb.
 25293 | D:15     | Noticed an Executioner
 25966 | Snake:1  | Entered Level 1 of the Snake Pit
 26035 | Snake:1  | Reached skill level 13 in Invocations
 26161 | Snake:1  | Found a white marble altar of Elyvilon.
 26235 | Snake:1  | Noticed Asterion
 26264 | Snake:1  | HP: 33/134 [poisoned by a naga ritualist]
 26269 | Snake:1  | HP: 31/134 [poisoned by a naga ritualist]
 26275 | Snake:1  | HP: 30/134 [poisoned by a naga ritualist]
 26281 | Lair:4   | HP: 31/134 [poisoned by a naga ritualist]
 26289 | Lair:4   | HP: 31/134 [poisoned by a naga ritualist]
 26916 | Snake:1  | Banished Asterion
 26928 | Snake:1  | Reached skill level 15 in Fighting
 27190 | Snake:1  | Found a runed translucent door.
 27190 | Snake:1  | Found a shimmering altar of Xom.
 27190 | Snake:1  | Noticed Ciageutz's ghost (journeyman GnWz)
 27433 | Snake:1  | Found Etefedoxu's Magic Scroll Shoppe.
 27444 | Snake:1  | Bought a scroll of acquirement for 884 gold pieces
 27444 | Snake:1  | Bought a scroll of enchant weapon for 127 gold pieces
 27444 | Snake:1  | Bought a scroll of enchant weapon for 127 gold pieces
 27454 | Snake:1  | Got a bound bronze ring
 27455 | Snake:1  | Identified the ring of Gluttony {+Fly rC+} (You acquired it
                  | on level 1 of the Snake Pit)
 28110 | Snake:2  | Noticed Vashnia
 28112 | Snake:2  | Reached skill level 14 in Invocations
 28239 | Snake:2  | Reached XP level 17. HP: 69/142 MP: 20/27
 28797 | Snake:2  | Killed Vashnia
 29629 | Snake:3  | Reached skill level 15 in Invocations
 29649 | Snake:3  | Found a basalt altar of Yredelemnul.
 29736 | Snake:3  | Reached skill level 1 in Evocations
 30152 | Snake:3  | Reached skill level 2 in Evocations
 30173 | Snake:3  | HP: 35/142 [poisoned by a black mamba]
 31665 | Shoals:1 | Entered Level 1 of the Shoals
 31700 | Shoals:1 | Reached skill level 3 in Evocations
 31738 | Shoals:1 | Got a heavily jewelled robe
 32836 | Shoals:2 | Reached skill level 4 in Evocations
 33071 | Shoals:2 | Reached skill level 11 in Armour
 33168 | Shoals:3 | Reached XP level 18. HP: 144/149 MP: 27/29
 33495 | Shoals:3 | Found a large runed translucent door.
 33495 | Shoals:3 | Noticed Wecaes's ghost (journeyman HOFE)
 33496 | Shoals:3 | Found a large runed translucent door.
 33834 | Shoals:4 | Entered Level 4 of the Shoals
 33890 | Shoals:4 | Reached skill level 11 in Dodging
 33890 | Shoals:4 | Reached skill level 11 in Shields
 33954 | Shoals:4 | Reached skill level 5 in Evocations
 35075 | Shoals:4 | Got a barnacled rune of Zot
 35721 | Snake:4  | Entered Level 4 of the Snake Pit
 35777 | Snake:4  | Reached skill level 16 in Fighting
 36045 | Snake:4  | Found a frozen archway.
 36056 | IceCv    | Entered an ice cave
 36067 | IceCv    | Reached skill level 6 in Evocations
 36375 | Snake:4  | Found the +8 demon trident "Rift" {distort, reach+}
 36571 | Snake:4  | Reached skill level 12 in Armour
 37649 | Snake:4  | Reached XP level 19. HP: 110/159 MP: 24/30
 37872 | Snake:4  | Got a serpentine rune of Zot
 38268 | Vaults:1 | Entered Level 1 of the Vaults
 38288 | Vaults:1 | Found a portal to a secret trove of treasure.
 38314 | Vaults:1 | Reached skill level 12 in Shields
 38369 | Vaults:1 | Reached skill level 12 in Dodging
 38369 | Vaults:1 | Reached skill level 7 in Evocations
 38478 | Vaults:1 | Found Dicemiro's Book Emporium.
 38495 | Vaults:1 | Reached skill level 19 in Axes
 39214 | Vaults:1 | Got a jewelled leather armour
 39281 | Vaults:1 | Found the +7 longbow "Piercer" {penet, EV-2}
 39302 | Vaults:1 | Reached skill level 8 in Evocations
 39600 | Vaults:1 | Reached skill level 13 in Armour
 40047 | Vaults:2 | Found a staircase to the Crypt.
 40047 | Vaults:2 | Found an ancient bone altar of Kikubaaqudgha.
 40047 | Vaults:2 | Found a basalt altar of Yredelemnul.
 40304 | Vaults:2 | Reached skill level 17 in Fighting
 40415 | Vaults:2 | You fall through a shaft for 2 floors!
 40505 | Vaults:4 | Found Ucih's Jewellery Shoppe.
 40590 | Vaults:4 | Reached XP level 20. HP: 137/168 MP: 25/31
 40690 | Vaults:4 | Reached skill level 13 in Dodging
 40690 | Vaults:4 | Reached skill level 13 in Shields
 40690 | Vaults:4 | Reached skill level 9 in Evocations
 41659 | Vaults:4 | Found Qestuijo's Weapon Boutique.
 41872 | Vaults:3 | Reached skill level 14 in Armour
 42043 | Vaults:3 | Reached skill level 10 in Evocations
 42644 | Vaults:3 | HP: 34/170 [storm dragon/bolt of lightning (11)]
 42652 | Vaults:3 | HP: 35/170 [poisoned by a wolf spider]
 42657 | Vaults:3 | HP: 36/170 [poisoned by a wolf spider]
 42664 | Vaults:3 | HP: 31/170 [rakshasa/+0 whip (7)]
 43036 | Vaults:3 | Reached XP level 21. HP: 168/176 MP: 29/32
 43665 | Vaults:3 | Reached skill level 20 in Axes
 43715 | Vaults:3 | Reached skill level 18 in Fighting
 43722 | Vaults:3 | Reached skill level 14 in Dodging
 43722 | Vaults:3 | Reached skill level 14 in Shields
 44933 | Elf:1    | Entered Level 1 of the Elven Halls
 45040 | Elf:1    | Found the +6 lightning scales {run, rElec}
 45044 | Elf:1    | Found a ruined gateway.
 45051 | Desolati | Entered the Desolation of Salt
 45077 | Desolati | HP: 38/177 [saltling[a halazid warlock] (19)]
 45119 | Desolati | Reached skill level 15 in Armour
 45869 | Desolati | Got a transparent tin amulet
 45870 | Desolati | Identified the amulet of Reimbursement {+Rage rElec rPois}
                  | (You found it in the Desolation of Salt)
 45876 | Desolati | Got a steaming wooden ring
 45877 | Desolati | Identified the ring "Japanlela" {Dex+3 Slay+3 SInv} (You
                  | found it in the Desolation of Salt)
 45882 | Desolati | Got a crude chain mail
 45883 | Desolati | Identified the +3 chain mail "Xomed" {Str+6} (You found it
                  | in the Desolation of Salt)
 45896 | Desolati | Identified the Incunabulum of Hexes and Transformation
 45998 | Desolati | Got an opal-encrusted chain mail
 46004 | Desolati | Identified the +4 chain mail "Zic Zoiq" {rC+ MR++ Dex+5}
                  | (You found it in the Desolation of Salt)
 46023 | Desolati | Identified the Catalogue of Supportive Attacks
 46186 | Desolati | Identified the Incunabulum of Unholy Arts
 46195 | Desolati | Got a steaming bronze amulet
 46196 | Desolati | Identified the amulet of the Cast Vote {Harm *Drain rC++
                  | rN+ Dex-2} (You found it in the Desolation of Salt)
 46199 | Desolati | Identified the Disquisition on the Dusty Entourage
 46223 | Desolati | Identified the Compendium of the Flamy Mountains
 46628 | Elf:1    | Identified the Catalogue of the Forgotten Places
 46805 | Elf:1    | Noticed Agnes
 46867 | Elf:1    | Found Moca Eqa's Gadget Emporium.
 46912 | Elf:1    | Killed Agnes
 47232 | Elf:2    | Reached skill level 15 in Shields
 47263 | Elf:2    | Reached skill level 15 in Dodging
 47367 | Elf:2    | Reached skill level 19 in Fighting
 47661 | Elf:2    | Found a huge runed translucent gate.
 47661 | Elf:2    | Found a huge runed translucent gate.
 47661 | Elf:2    | Found a huge runed translucent gate.
 47661 | Elf:2    | Found a huge runed translucent gate.
 47661 | Elf:2    | Found a huge runed translucent gate.
 48016 | Elf:2    | Reached XP level 22. HP: 188/188 MP: 33/33
 48103 | Elf:2    | Reached skill level 20 in Fighting
 48452 | Elf:3    | Entered Level 3 of the Elven Halls
 48874 | Elf:3    | Identified the cursed +3 mace of Tejaid {speed, *Rage rPois
                  | Str+7 Stlth+}
 48912 | Elf:3    | HP: 35/190 [deep elf master archer/arrow (23)]
 48922 | Elf:3    | HP: 38/190 [deep elf death mage/bolt of negative energy
                  | (1)]
 49606 | Elf:3    | Identified the +3 war axe of Corruption {antimagic, rF+
                  | Int+3 Dex+3}
 49606 | Elf:3    | Identified the ring of Xokye {rPois rF- rC+ Int+4}
 49655 | Elf:3    | Gained mutation: Armour fits poorly on your strangely
                  | shaped body. [a cacodemon]
 49661 | Elf:3    | HP: 44/190 [ghostly deep elf death mage/vampiric draining
                  | (9)]
 50108 | Elf:3    | Identified the amulet of Urghuemp {Acrobat rN+ MR+ Int+4}
 50160 | Elf:3    | Identified the +2 morningstar of Welfare {crush, *Noise
                  | +Fly Int+4}
 50517 | Elf:3    | Found the +6 shillelagh "Devastator" {shatter}
 50523 | Elf:3    | Identified the Disquisition on Feathers and Transformation
 50529 | Elf:3    | Got a pitted chain mail
 50530 | Elf:3    | Identified the cursed +0 chain mail of Past Mistakes
                  | {Int+4} (You found it on level 3 of the Elven Halls)
 50932 | Depths:1 | Entered Level 1 of the Depths
 51370 | Depths:1 | Found a one-way gate to the infinite horrors of the Abyss.
 51578 | Depths:1 | Found a gateway to Hell.
 52387 | Depths:2 | Reached XP level 23. HP: 179/198 MP: 34/34
 52396 | Depths:2 | Reached skill level 11 in Evocations
 52809 | Depths:2 | Found a gateway to a ziggurat.
 52878 | Depths:2 | Found a one-way gate leading to the halls of Pandemonium.
 53906 | Depths:3 | Noticed Xtahua
 54058 | Depths:3 | Killed Xtahua
 54323 | Depths:3 | Reached skill level 16 in Armour
 54431 | Depths:3 | Noticed a caustic shrike
 54508 | Depths:3 | Killed a caustic shrike
 55004 | Depths:4 | Found Quilun's Magic Scroll Emporium.
 55150 | Depths:4 | Found a stormy altar of Qazlal.
 55265 | Depths:4 | Reached skill level 16 in Dodging
 55265 | Depths:4 | Reached skill level 16 in Shields
 55504 | Depths:4 | Found a runed translucent gate.
 55504 | Depths:4 | Found a runed translucent gate.
 55504 | Depths:4 | Found a runed translucent gate.
 55527 | Depths:4 | Found a runed translucent gate.
 55527 | Depths:4 | Found a runed translucent gate.
 55527 | Depths:4 | Found a runed translucent gate.
 55742 | Depths:4 | Noticed Louise
 55761 | Depths:4 | Killed Louise
 55777 | Depths:4 | Got a pitted plate armour
 55778 | Depths:4 | Identified the +4 plate armour of Pymick {SInv} (You found
                  | it on level 4 of the Depths)
 55995 | Depths:4 | Got a warped chain mail
 56001 | Depths:4 | Got a steaming buckler
 56003 | Depths:4 | Identified the cursed +0 chain mail of Ikhil {Dex+4} (You
                  | found it on level 4 of the Depths)
 56092 | Depths:5 | Entered Level 5 of the Depths
 56094 | Depths:5 | Noticed a caustic shrike
 56096 | Depths:5 | Noticed a caustic shrike
 56096 | Depths:5 | Noticed a caustic shrike
 56097 | Depths:5 | Noticed a caustic shrike
 56114 | Depths:5 | Banished a caustic shrike
 56115 | Depths:5 | Killed a caustic shrike
 56147 | Depths:5 | Killed a caustic shrike
 56598 | Depths:5 | Noticed WeeknightWizard's ghost (veteran DEFE)
 56602 | Depths:5 | Found a transporter.
 56606 | Depths:5 | Noticed a caustic shrike
 56613 | Depths:5 | Reached skill level 12 in Evocations
 56671 | Depths:5 | Found a transporter.
 56678 | Depths:5 | Reached XP level 24. HP: 170/206 MP: 34/34
 56694 | Depths:5 | Reached skill level 21 in Fighting
 56852 | Depths:5 | Reached skill level 16 in Invocations
 57025 | Depths:5 | Killed a caustic shrike
 57319 | Depths:5 | Found a gate to the Realm of Zot.
 58602 | Vaults:5 | Entered Level 5 of the Vaults
 58610 | Vaults:5 | Reached skill level 21 in Axes
 58634 | Vaults:5 | Identified the +8 hunting sling "Xafid" {freeze, Str+3}
 58635 | Vaults:5 | Reached skill level 17 in Armour
 58647 | Vaults:5 | Identified the ring of Zoegam {rPois rF+ rC- Stlth-}
 58657 | Vaults:5 | Identified the +9 battleaxe of Entrepreneurial Spirit
                  | {protect, +Blink rElec rPois Str-5}
 58669 | Vaults:5 | Reached skill level 13 in Evocations
 58671 | Vaults:5 | HP: 51/208 [tentacled monstrosity (3)]
 58671 | Vaults:5 | HP: 22/208 [large abomination[a deep elf high priest] (29)]
 58676 | Vaults:5 | HP: 23/208 [shadow dragon/bolt of negative energy (19)]
 58677 | Vaults:5 | Reached XP level 25. HP: 25/215 MP: 5/35
 58683 | Vaults:5 | Reached skill level 17 in Shields
 58685 | Vaults:5 | Reached skill level 17 in Dodging
 58685 | Vaults:5 | HP: 49/215 [storm dragon/bolt of lightning (1)]
 58691 | Vaults:5 | HP: 38/215 [storm dragon (6)]
 58704 | Vaults:5 | HP: 33/215 [tengu reaver/bolt of lightning (8)]
 59548 | Vaults:5 | HP: 44/216 [tentacled monstrosity (13)]
 59558 | Vaults:5 | HP: 20/216 [vault warden/+3 war axe of flaming (15)]
 60234 | Vaults:5 | Got a silver rune of Zot
 60702 | Vaults:5 | Found Reuwuto's General Store.
 60709 | Vaults:5 | Bought a scroll of enchant armour for 90 gold pieces
 61116 | Orc:2    | Bought a potion of agility for 112 gold pieces
 61817 | Slime:1  | Entered Level 1 of the Pits of Slime
 61929 | Slime:2  | Gained mutation: [Your body sometimes deteriorates upon
                  | taking damage.] [a shining eye]
 61931 | Slime:2  | Reached skill level 22 in Fighting
 62123 | Slime:3  | Reached skill level 18 in Armour
 62302 | Slime:5  | Entered Level 5 of the Pits of Slime
 62302 | Slime:5  | Noticed Dissolution
 62318 | Slime:4  | Paralysed by a floating eye for 3 turns
 62325 | Slime:4  | Banished Dissolution
 62325 | Slime:4  | Reached skill level 14 in Evocations
 62325 | Slime:4  | Reached XP level 26. HP: 177/224 MP: 25/35
 62439 | Slime:5  | Noticed the Royal Jelly
 62441 | Slime:5  | Reached skill level 17 in Invocations
 62442 | Slime:5  | Killed the Royal Jelly
 62442 | Slime:5  | Reached skill level 22 in Axes
 62454 | Slime:5  | Gained mutation: [You tend to lose your temper in combat.]
                  | [a shining eye]
 62647 | Slime:5  | Gained mutation: You are occasionally teleported next to
                  | monsters. [a shining eye]
 62687 | Slime:5  | Gained mutation: [Your body often deteriorates upon taking
                  | damage.] [a shining eye]
 62734 | Slime:5  | Gained mutation: [Potions are less effective at restoring
                  | your health.] [a shining eye]
 62749 | Slime:5  | Got a vibrating lapis lazuli ring
 62750 | Slime:5  | Identified the ring "Dagi" {+Fly Str+3 Int+2} (You found it
                  | on level 5 of the Pits of Slime)
 62753 | Slime:5  | Got a sparkling pewter amulet
 62754 | Slime:5  | Identified the amulet of Evanera {Spirit rN+ Str+3} (You
                  | found it on level 5 of the Pits of Slime)
 62845 | Slime:5  | Got a slimy rune of Zot
 62873 | Slime:5  | Got a scorched platinum amulet
 62879 | Slime:5  | Identified the amulet of Xaiklemoef {Spirit *Contam rC+
                  | MR++ Dex+2} (You found it on level 5 of the Pits of Slime)
 63324 | Zot:1    | Entered Level 1 of the Realm of Zot
 63896 | Zot:1    | Lost mutation: [Your body often deteriorates upon taking
                  | damage.] [potion of mutation]
 63896 | Zot:1    | Lost mutation: [Your body sometimes deteriorates upon
                  | taking damage.] [potion of mutation]
 63896 | Zot:1    | Lost mutation: Armour fits poorly on your strangely shaped
                  | body. [potion of mutation]
 63896 | Zot:1    | Gained mutation: Your spells are a little easier to cast,
                  | but a little less powerful. [potion of mutation]
 63896 | Zot:1    | Lost mutation: [You tend to lose your temper in combat.]
                  | [potion of mutation]
 63896 | Zot:1    | Gained mutation: You have sharp toenails. [potion of
                  | mutation]
 63896 | Zot:1    | Gained mutation: You are agile. (Dex +2) [potion of
                  | mutation]
 63897 | Zot:1    | Lost mutation: You have sharp toenails. [potion of
                  | mutation]
 63897 | Zot:1    | Lost mutation: You are occasionally teleported next to
                  | monsters. [potion of mutation]
 63897 | Zot:1    | Gained mutation: [Your body sometimes deteriorates upon
                  | taking damage.] [potion of mutation]
 63897 | Zot:1    | Gained mutation: [You are frail. (-10% HP)] [potion of
                  | mutation]
 63897 | Zot:1    | Gained mutation: You are surrounded by a mild repulsion
                  | field. (EV +2) [potion of mutation]
 63898 | Zot:1    | Lost mutation: Your spells are a little easier to cast, but
                  | a little less powerful. [potion of mutation]
 63898 | Zot:1    | Lost mutation: [You are frail. (-10% HP)] [potion of
                  | mutation]
 63898 | Zot:1    | Lost mutation: [Your body sometimes deteriorates upon
                  | taking damage.] [potion of mutation]
 63898 | Zot:1    | Lost mutation: You are agile. (Dex +2) [potion of mutation]
 63898 | Zot:1    | Gained mutation: [You are frail. (-10% HP)] [potion of
                  | mutation]
 63898 | Zot:1    | Gained mutation: Your spells are a little harder to cast,
                  | but a little more powerful. [potion of mutation]
 63932 | Zot:1    | Reached skill level 18 in Shields
 63943 | Zot:1    | Reached skill level 18 in Dodging
 64105 | Zot:1    | HP: 49/203 [black draconian monk (13)]
 64637 | Zot:1    | Got a faintly glowing chain mail
 64638 | Zot:1    | Identified the +3 chain mail "Fitidgh" {rPois rC+ Dex+2}
                  | (You found it on level 1 of the Realm of Zot)
 64709 | Zot:1    | Noticed an orb of fire
 64722 | Zot:1    | Gained mutation: [Scrolls take you a little longer to
                  | read.] [an orb of fire]
 64723 | Zot:1    | Gained mutation: [Your body sometimes deteriorates upon
                  | taking damage.] [an orb of fire]
 64733 | Zot:1    | Killed an orb of fire
 65627 | Zot:2    | Reached XP level 27. HP: 189/209 MP: 35/35
 65645 | Zot:2    | Learned a level 3 spell: Regeneration
 65731 | Zot:2    | Reached skill level 15 in Evocations
 65777 | Zot:2    | Reached skill level 1 in Charms
 65787 | Zot:2    | Reached skill level 1 in Spellcasting
 65808 | Zot:2    | Reached skill level 1 in Necromancy
 66279 | Zot:2    | Reached skill level 2 in Charms
 66441 | Zot:3    | Reached skill level 23 in Axes
 66448 | Zot:3    | Reached skill level 2 in Spellcasting
 66462 | Zot:2    | Reached skill level 2 in Necromancy
 66954 | Zot:3    | Reached skill level 3 in Charms
 67302 | Zot:3    | Reached skill level 3 in Spellcasting
 67320 | Zot:3    | Reached skill level 3 in Necromancy
 67339 | Zot:3    | Reached skill level 4 in Charms
 67944 | Zot:4    | Reached skill level 4 in Spellcasting
 67987 | Zot:4    | Reached skill level 23 in Fighting
 68139 | Zot:4    | Reached skill level 4 in Necromancy
 68240 | Zot:4    | Found a transporter.
 68251 | Zot:4    | Reached skill level 5 in Charms
 68308 | Zot:4    | Identified the ring "Pyapar" {+Blink rPois rF+ rC+ Int+3}
 68308 | Zot:4    | Noticed an orb of fire
 68321 | Zot:4    | Found a transporter.
 68323 | Zot:4    | Identified the ring "Egomaj" {Ice rN+ MP-9 Stlth+}
 68337 | Zot:4    | Found a transporter.
 68338 | Zot:4    | Found a transporter.
 68354 | Zot:4    | Found a transporter.
 68384 | Zot:4    | Got an ancient ring mail
 68736 | Hell     | Entered the Vestibule of Hell
 68736 | Hell     | Noticed Geryon
 68766 | Hell     | Reached skill level 5 in Spellcasting
 68766 | Hell     | Reached skill level 18 in Invocations
 69081 | Hell     | Banished Geryon
 69453 | Hell     | Reached skill level 6 in Charms
 69464 | Hell     | Reached skill level 5 in Necromancy
 69652 | Hell     | Found a gateway to the Iron City of Dis.
 69688 | Hell     | Found a gateway to the ashen valley of Gehenna.
 69741 | Hell     | Found a gateway to the decaying netherworld of Tartarus.
 69875 | Hell     | Found a gateway to the freezing wastes of Cocytus.
 70025 | Depths:1 | Voluntarily entered the Abyss.
 70200 | Abyss:1  | Reached skill level 6 in Spellcasting
 70253 | Abyss:1  | Reached skill level 24 in Axes
 70296 | Depths:1 | Escaped the Abyss
 70553 | Depths:1 | Voluntarily entered the Abyss.
 70583 | Abyss:1  | Reached skill level 7 in Charms
 70654 | Abyss:1  | Found a sparkling altar of Nemelex Xobeh.
 70735 | Abyss:1  | Gained mutation: Armour fits poorly on your strangely
                  | shaped body. [a neqoxec]
 70794 | Abyss:1  | Reached skill level 6 in Necromancy
 70938 | Abyss:1  | Banished Geryon
 71026 | Abyss:1  | HP: 38/165 [starcursed mass/accursed screaming (4)]
 71041 | Abyss:1  | HP: 31/188 [starcursed mass/accursed screaming (7)]
 71047 | Abyss:1  | HP: 25/188 [hellwing (1)]
 71054 | Abyss:1  | HP: 13/188 [starcursed mass/accursed screaming (6)]
 71058 | Abyss:1  | HP: 5/188 [tentacled monstrosity (3)]
 71060 | Abyss:1  | Killed from afar by a starcursed mass

Skill      XL: |  1  2  3  4  5  6  7  8  9 10 11 12 13 14 15 16 17 18 19 20 21 22 23 24 25 26 27 |
---------------+----------------------------------------------------------------------------------+-----
Fighting       | 4 5 7 10 11 13 15 16 17 19 20 21 22 23 | 23.5
Axes           | 3 6 7 8 9 11 13 14 16 18 19 20 21 22 24 | 24.3
Invocations    | 2 3 5 7 9 10 11 12 14 15 16 17 18 | 18.3
Armour         | 5 6 8 10 11 12 13 14 15 16 17 18 | 18.8
Dodging        | 4 5 8 9 10 11 12 13 15 16 17 18 | 18.3
Shields        | 5 8 9 10 11 12 13 15 16 17 18 | 18.3
Evocations     | 4 6 8 10 12 13 14 15 | 15.0
Charms         | 7 |  7.7
Spellcasting   | 6 |  6.9
Necromancy     | 6 |  6.3

Action                   |  1- 3 |  4- 6 |  7- 9 | 10-12 | 13-15 | 16-18 | 19-21 | 22-24 | 25-27 || total
-------------------------+-------+-------+-------+-------+-------+-------+-------+-------+-------++-------
Melee: War axe           |   138 |   208 |   474 |   477 |       |       |       |       |       ||  1297
       Broad axe         |       |       |       |   228 |  1215 |  1320 |  1505 |  1223 |  1629 ||  7120
 Cast: Regeneration      |       |       |       |       |       |       |       |       |     4 ||     4
Invok: Upheaval          |       |       |       |     1 |       |     5 |       |       |       ||     6
       Disaster Area     |       |       |       |       |       |     1 |     3 |     7 |     7 ||    18
       Elemental Force   |       |       |       |       |       |       |       |     7 |     5 ||    12
 Abil: Hop               |       |       |       |       |       |       |     1 |     4 |     3 ||     8
Evoke: Wand              |       |       |     3 |    26 |     6 |     6 |     8 |     3 |     6 ||    58
       Phantom mirror    |       |       |       |       |       |       |       |     1 |       ||     1
       Lamp of fire      |       |       |       |       |       |       |       |     2 |     4 ||     6
       Sack of spiders   |       |       |       |       |       |       |       |       |     1 ||     1
  Use: Potion            |       |     6 |     3 |     1 |     2 |     4 |     6 |     7 |    10 ||    39
       Scroll            |       |     1 |    10 |     7 |    13 |    11 |     9 |     7 |     7 ||    65
 Stab: Distracted        |       |       |       |       |     1 |       |       |     4 |     1 ||     6
       Invisible         |       |       |       |       |       |       |     3 |       |     5 ||     8
  Eat: Chunk             |     1 |     5 |    12 |    25 |    37 |    20 |     8 |    10 |    11 ||   129
       Ration            |       |       |     1 |     1 |     1 |     9 |     9 |    10 |    10 ||    41
Armor: Scale mail        |    22 |       |       |       |       |       |       |       |       ||    22
       Plate armour      |    73 |   107 |   354 |   365 |   260 |   364 |   236 |       |       ||  1759
       Chain mail        |       |       |       |       |       |       |    25 |   170 |   285 ||   480
Dodge: Dodged            |    31 |    20 |    81 |   111 |   217 |   344 |   300 |   335 |   674 ||  2113
       Deflected         |       |       |       |     6 |    14 |    81 |    47 |    37 |    49 ||   234
Block: Shield            |    83 |    85 |   389 |   560 |   854 |  1337 |  1073 |  1048 |  1495 ||  6924

Levels and vault maps discovered:
D:1:      minmay_arrival_three_doors, layout_basic, minmay_misc_feat_ornament,
          minmay_pentomino_r2
D:2:      layout_loops_ring, overflow_temple_1_default, nicolae_ru_awakened_eye,
          lemuel_coloured_pillars_altar, first_ration, uniq_sigmund, uniq_robin,
          uniq_terence
D:3:      layout_basic, overflow_temple_1_default, gup_sewer_entry_bubbles,
          fountainhead, uniq_crazy_yiuf_cottage
D:4:      layout_gridville, tgw_sif, feat_on_display
D:5:      layout_loops_ring, dancing_weapons_uskayaw,
          chequers_temple_overflow_statue_of_worship, lemuel_flame_loot_1
D:6:      layout_cave_pools, lemuel_crystal_altar,
          minmay_temple_entry_offerings, serial_shops, kennysheep_mini_moat,
          serial_gnoll_camp, gnoll_camp_medium_02, gnoll_camp_huts_moat,
          gnoll_camp_mini_shop, gnoll_camp_mini_sergeant, gnoll_camp_mini_shop,
          gnoll_camp_mini_shop
D:7:      layout_layer_cave, overflow_temple_1_default,
          nicolae_overflow_crystal_walls
D:8:      kennysheep_town
D:9:      kennysheep_blocky_room, layout_loops_ring, cheibrodos_worm_habitat,
          basic_altar, uniq_pikel
D:10:     minmay_bloctagon, layout_basic, blue_anna_alchemist
          [blue_anna_fruit_fields, blue_anna_fruit_fields], doesnt_xom_only_xom
D:11:     layout_stronghold, david_orc_2, uniq_psyche
D:12:     layout_irregular_city, serial_shops, shop, serial_co_window_serial,
          co_window_paths_a, co_window_corner_a, co_window_of_opportunity_a,
          co_window_paths_b, co_window_corner_a, co_window_corner_a,
          co_window_cross_1, co_window_cross_1, co_window_of_opportunity_a,
          co_window_corner_cb, co_window_broadway_a, co_window_cross_3,
          co_window_broadway_c, co_window_unsneaky_path_b, glass_columns_a,
          glass_columns_b, glass_columns_a, glass_columns_b, glass_columns_a,
          kennysheep_windowed_goal, uniq_azrael, uniq_kirke, uniq_frances
D:13:     kennysheep_ambush_hall, layout_loops_ring, ebering_ghost_xom,
          nicolae_transmutations_shop
D:14:     layout_cave_pods, hangedman_vaults_entry_quadrant_bands, minivault_24
D:15:     grunt_enter_depths_snipers, layout_basic,
          chequers_serial_rivers_micro_a, makhleb_altar_promises_db
Lair:1:   layout_gridlike, minmay_lair_oklob_chamber, wad_woods_river_01
Lair:2:   layout_roguey [special_room_bee], minmay_shoals_entry_centaurs,
          grunt_megastairs_3, uniq_sonja
Lair:3:   layout_roguey, enter_volcano_2, nzn_random_ring, serial_bayou_shore_a
Lair:4:   layout_gridlike, dummy_snake_entry
Lair:5:   layout_regular_city, beast_lair_carwin_11, uniq_urug
Lair:6:   due_jungle_book, layout_misc_corridors, minmay_slime_entry_jelly_boxes
Shoals:1: layout_shoals
Shoals:2: layout_shoals
Shoals:3: layout_shoals, ebering_ghost_disaster_area,
          nicolae_shoals_square_sea_wall
Shoals:4: shoals_end_grunt_ice, layout_shoals
Snake:1:  layout_layer_cave, ebering_ghost_xom, serial_shops, shop, basic_altar,
          uniq_asterion
Snake:2:  layout_layer_cave, nicolae_snake_springs, serial_bayou_shore_b,
          lemuel_fruit_tree, uniq_vashnia
Snake:3:  layout_layer_cave, basic_altar, nicolae_snake_single_loop,
          dpeg_stationary_puzzle
Snake:4:  minmay_snake_end_coiled, layout_onion_interference,
          portal_ice_cave_entry_ugly_swarm
Slime:1:  layout_caves, cheibrodos_slime_lost_civilization_4
Slime:2:  layout_caves
Slime:3:  layout_caves
Slime:4:  layout_caves
Slime:5:  uniq_dissolution
Orc:1:    layout_diamond_mine, uniq_erica
Orc:2:    grunt_orc_community_town_hall, layout_caves,
          grunt_orc_community_big_house_2, grunt_orc_community_big_house_2,
          grunt_orc_community_house_2, grunt_orc_community_house_2,
          grunt_orc_community_house_2, grunt_orc_community_house_3,
          grunt_orc_community_house_2, nicolae_orc_stony_grotto
Elf:1:    minmay_elf_arrival_circle, layout_geoelf_diagonals,
          portal_desolation_entry_nicolae_nacl, minmay_elf_sorcery,
          minmay_shop_star, uniq_agnes
Elf:2:    layout_onion_city
Elf:3:    elf_hall, layout_gridlike, minivault_4, minivault_4
Vaults:1: v_misc_24, hangedman_vaults_stretched_pinwheel, vaults_room_corners,
          v_pattern_4, hangedman_vaults_corner, vaults_room_door_ring,
          minmay_guarded_unrand_secular_launcher, v_misc_31, vaults_dpeg_hooks,
          hangedman_vaults_locks, layout_vaults_omnibox, serial_shops, shop,
          enter_trove_2
Vaults:2: hangedman_vaults_nodes, minmay_crypt_entry_necro_gods, v_misc_29,
          v_alt_pattern_3, hangedman_vaults_stream, nicolae_vaults_shelves_hall,
          ontoclasm_vaults_pinch, nicolae_vaults_border_crossing,
          layout_vaults_quadrants, serial_glass
Vaults:3: nicolae_vaults_network_periphery, nicolae_vaults_lopsided_apartments,
          v_rooms_5, v_pattern_1, hangedman_vaults_impose,
          ontoclasm_vaults_shuriken, ontoclasm_vaults_ligature,
          vaults_room_octagon, nicolae_vaults_diagonal_hallway_6,
          vaults_mumra_hexcomb, v_misc_17, v_misc_10, ontoclasm_vaults_twist,
          grunt_vaults_trifunnel, nicolae_vaults_little_squares_3,
          nicolae_vaults_specimen_jars, layout_vaults_maze_snakey
Vaults:4: st_octagons_1, v_misc_10, v_misc_16, v_misc_15,
          vaults_room_mumra_shop_pool, hangedman_vaults_snaps,
          grunt_vaults_bifocal, nicolae_vaults_rhombus_7, v_misc_3,
          nicolae_vaults_shelves_hall, nicolae_vaults_rhombus_5,
          ontoclasm_vaults_eye, layout_vaults_big_cross, serial_shops, shop
Vaults:5: serial_shops, uniq_saint_roka
Depths:1: layout_gridlike, abyss_entry, pf_hell_entry_tar_spiral,
          chequers_serial_rivers_micro_b, glass_columns_b,
          chequers_serial_rivers_room_a, minmay_metal_thing
Depths:2: cheibrodos_tormentor_scu, layout_basic, enter_ziggurat_d, hell_entry,
          rand_demon_pan_entry_4, fountainhead, serial_sigils_hangedman_writhe
Depths:3: minmay_shrinking_squares, layout_twisted_cross,
          grunt_hell_entry_dis_grunt, pan_entry, roderic_lattice_octagonal_star,
          uniq_xtahua
Depths:4: kennysheep_treasure_stockpile, layout_cave_pools, old_standard_altar,
          nicolae_abyss_entry_one_way_or_another, serial_shops, shop,
          hellmouth_1, infiniplex_staircase_zigzag_2
Depths:5: evilmike_zot_entry_round, layout_gridlike, serial_sigils,
          serial_sigils_hangedman_shear, serial_sigils_hangedman_quiver,
          serial_sigils_hangedman_confine, serial_sigils_hangedman_snap,
          serial_sigils_hangedman_snap, serial_sigils_hangedman_quiver,
          gammafunk_ghost_berserking_beasts, hell_entry, st_stairs_11,
          serial_bayou_pond_c
Hell
Zot:1:    layout_gridlike
Zot:2:    layout_concentric_octagons
Zot:3:    layout_onion, st_stairs_13, kennysheep_underground_church
Zot:4:    gammafunk_the_bubble [the_bubble_gammafunk_roulette],
          layout_misc_corridors
Abyss:1
Sewer:    sewer_kobolds
IceCv:    ice_cave_small_demon
Volcano:  volcano_lake [vl_original]
Desolation

Table legend:
 A = Turns spent in this place as a percentage of turns spent in the entire game.
 B = Non-inter-level travel turns spent in this place as a percentage of non-inter-level travel turns spent in the entire game.
 C = Inter-level travel turns spent in this place as a percentage of turns spent in this place.
 D = Turns resting spent in this place as a percentage of non-inter-level travel turns spent in this place.
 E = Turns spent auto-exploring this place as a percentage of non-inter-level travel turns spent in this place.
 F = Non-inter-level travel turns spent in this place divided by the number of levels of this place that you've seen.
                   A       B       C       D       E      F
               +-------+-------+-------+-------+-------+----------------------
         Total | 100.0 | 100.0 |   8.7 |  19.5 |  53.4 | 1080.9
       Dungeon |  25.2 |  24.1 |  12.8 |  11.9 |  63.5 | 1040.1
          Lair |  10.5 |  10.3 |  10.9 |  20.7 |  58.4 | 1111.2
        Shoals |   5.5 |   5.8 |   4.1 |  21.0 |  57.5 | 935.0
     Snake Pit |   9.9 |  10.3 |   5.1 |  24.2 |  53.4 | 1673.5
    Slime Pits |   1.6 |   1.7 |   4.8 |  54.7 |   0.0 | 214.4
  Orcish Mines |   3.6 |   3.3 |  16.0 |   3.9 |  60.9 | 1078.0
   Elven Halls |   6.5 |   6.6 |   7.2 |  25.3 |  50.2 | 1425.7
        Vaults |  12.5 |  12.8 |   6.0 |  13.0 |  55.2 | 1666.0
        Depths |  11.9 |  11.6 |  10.9 |  23.9 |  50.5 | 1510.8
          Hell |   0.8 |   0.8 |   7.8 |   2.2 |  47.4 | 498.0
           Zot |   7.5 |   7.8 |   5.5 |  34.5 |  42.1 | 1265.0
         Abyss |   1.1 |   1.2 |   0.0 |   5.8 |  12.1 | 389.0
         Sewer |   0.2 |   0.2 |   0.0 |   0.0 |  57.9 | 140.0
      Ice Cave |   0.4 |   0.5 |   0.0 |  10.1 |  25.0 | 308.0
       Volcano |   0.8 |   0.9 |   0.0 |   0.0 |  45.4 | 601.0
    Desolation |   1.9 |   2.1 |   0.0 |  37.2 |  27.1 | 1378.0
               +-------+-------+-------+-------+-------+----------------------

Table legend:
 A = Kills in this place as a percentage of kills in entire the game.
 B = Kills by you in this place as a percentage of kills by you in the entire game.
 C = Kills by friends in this place as a percentage of kills by friends in the entire game.
 D = Other kills in this place as a percentage of other kills in the entire game.
 E = Experience gained in this place as a percentage of experience gained in the entire game.
 F = Experience gained in this place divided by the number of levels of this place that you have seen.
                   A       B       C       D       E      F
               +-------+-------+-------+-------+-------+----------------------
         Total | 100.0 | 100.0 | 100.0 | 100.0 | 100.0 | 24816.0
       Dungeon |  20.0 |  21.7 |   0.0 |   5.6 |   5.0 | 4967.7
          Lair |   9.8 |   9.6 |   0.0 |  11.2 |   4.3 | 10704.7
        Shoals |   3.9 |   3.8 |   0.0 |   4.9 |   3.8 | 13990.5
     Snake Pit |   7.2 |   7.1 |   0.0 |   8.2 |   6.8 | 25403.8
    Slime Pits |   3.0 |   2.9 |   0.0 |   3.7 |   5.3 | 15694.4
  Orcish Mines |   6.2 |   6.6 |   0.0 |   3.0 |   1.3 | 9453.5
   Elven Halls |   5.0 |   4.8 |  22.2 |   6.0 |   7.3 | 36374.7
        Vaults |  18.9 |  18.4 |  33.3 |  22.8 |  25.6 | 76300.8
        Depths |   9.4 |   9.1 |  22.2 |  11.9 |  15.0 | 44554.6
          Hell |   2.4 |   2.4 |  11.1 |   2.2 |   2.8 | 41265.0
           Zot |   5.1 |   4.6 |  11.1 |  10.1 |  15.1 | 56128.8
         Abyss |   4.6 |   4.6 |   0.0 |   4.9 |   4.8 | 35541.0
         Sewer |   0.3 |   0.3 |   0.0 |   0.0 |   0.0 | 133.0
      Ice Cave |   0.9 |   1.0 |   0.0 |   0.7 |   0.4 | 5996.0
       Volcano |   0.6 |   0.6 |   0.0 |   0.4 |   0.3 | 3890.0
    Desolation |   2.5 |   2.3 |   0.0 |   4.5 |   2.3 | 34979.0
               +-------+-------+-------+-------+-------+----------------------
